 Dungeon Crawl Stone Soup version 0.19-a0-1907-gcff654f (webtiles) character file.

74 Disciple the Cudgeler (level 4, -5/38 HPs)
             Began as a Draconian Monk on Oct 22, 2016.
             Slain by a gnoll
             ... wielding a +0 spear
              (12 damage)
             ... on level 3 of the Dungeon.
             The game lasted 00:02:46 (1658 turns).

Disciple the Cudgeler (Draconian Monk)              Turns: 1658, Time: 00:02:48

Health: -5/38      AC:  6    Str: 13    XL:     4   Next: 9%
Magic:  4/4        EV: 13    Int: 11    God:
Gold:   76         SH:  0    Dex: 14    Spells: 0 memorised, 3 levels left

rFire  . . .     SeeInvis .     p - +2 dagger (speed)
rCold  . . .     Gourm    .     (armour unavailable)
rNeg   . . .     Faith    .     (no shield)
rPois  .         Spirit   .     (helmet restricted)
rElec  .         Reflect  .     (no cloak)
rCorr  .         Harm     .     n - +0 pair of gloves
MR     .....                    (no boots)
Stlth  ++........               (no amulet)
                                (no ring)
                                (no ring)

@: no status effects
A: unfitting armour, cold-blooded, AC +5
a: no special abilities


You were on level 3 of the Dungeon.
You were hungry.

You visited 1 branch of the dungeon, and saw 3 of its levels.

You collected 76 gold pieces.

Inventory:

Hand Weapons
 a - a +0 mace
 p - a +2 dagger of speed (weapon)
Armour
 e - a +0 cloak (quivered)
 n - a +0 pair of gloves (worn)
Scrolls
 g - 6 scrolls of identify {unknown}
 h - a scroll of recharging {unknown}
 k - a scroll of remove curse {unknown}
 l - a scroll of amnesia {unknown}
 m - a scroll of enchant weapon {unknown}
Potions
 c - a potion of heal wounds {unknown}
 d - a potion of lignification {unknown}
 j - 3 potions of curing {unknown}
 o - a potion of brilliance {unknown}
 q - 2 potions of degeneration {unknown}
Comestibles
 b - a bread ration
 i - a beef jerky
 r - 4 fruits


   Skills:
 - Level 3.2 Fighting
 + Level 5.0 Maces & Flails
 - Level 2.6 Dodging
 - Level 1.7 Stealth


You had 3 spell levels left.
You didn't know any spells.

Dungeon Overview and Level Annotations

Branches:
Dungeon (3/15)

Altars:


Innate Abilities, Weirdness & Mutations

Your plain brown scales are hard. (AC +5)
You cannot fit into any form of body armour.
You are cold-blooded and may be slowed by cold attacks.


Message History

You are too injured to fight recklessly!
You are too injured to fight recklessly!
You are too injured to fight recklessly!
You are too injured to fight recklessly!
You are too injured to fight recklessly!
You are too injured to fight recklessly!
The gnoll hits you from afar with a spear.
You see here a scroll labeled CAMOIZ POCLU.
The gnoll closely misses you. x2
You see here a scroll labeled CAMOIZ POCLU.
You hit the gnoll but do no damage.
The gnoll is lightly wounded.
The gnoll hits you with a spear.
You barely miss the gnoll.
The gnoll is lightly wounded.
You are feeling hungry.
The gnoll hits you from afar with a halberd!
* * * LOW HITPOINT WARNING * * *
The gnoll hits you with a spear!
You die...

#####
#........#
.....
########.#
##### #.# #.#
#.#
..########.#
...........#
.#####.####
#@# #g#
......gg....#
......)..##.#
..###.#..#
#.#..# .....#
## ...# ...#


You could see 3 gnolls.

Vanquished Creatures
  2 adders
  An ooze (D:2)
  A dart slug (D:2)
  5 leopard geckos
  An orc (D:3)
  2 giant cockroaches (D:1)
  6 goblins
  3 hobgoblins
  4 jackals (D:2)
  A quokka (D:2)
  2 ball pythons
  6 bats
  A frilled lizard (D:1)
  5 kobolds
  3 rats (D:1)
43 creatures vanquished.

Notes
Turn   | Place    | Note
-------+----------+-------------------------------------------
     0 | D:1      | Disciple the Draconian Monk began the quest for the Orb.
     0 | D:1      | Reached XP level 1. HP: 19/19 MP: 1/1
   120 | D:1      | Reached XP level 2. HP: 25/26 MP: 2/2
   797 | D:2      | Reached skill level 4 in Maces & Flails
   935 | D:2      | Reached XP level 3. HP: 31/31 MP: 3/3
  1628 | D:3      | Reached XP level 4. HP: 37/38 MP: 4/4
  1645 | D:3      | Reached skill level 5 in Maces & Flails
  1658 | D:3      | Slain by a gnoll

Vault maps used:
D:1:      lightli_arrival_isolated_outpost
D:3:      hangedman_decor_push, uniq_grinder

Skill      XL: |  1  2  3  4 |
---------------+-------------+-----
Maces & Flails | 4 5 |  5.0
Fighting       | |  3.2
Dodging        | |  2.6
Stealth        | |  1.7

Action                   |  1- 3 |  4- 6 || total
-------------------------+-------+-------++-------
Melee: Mace              |    89 |       ||    89
       Tailslap          |    14 |     1 ||    15
       Dagger            |    34 |    11 ||    45
 Stab: Sleeping          |     9 |       ||     9
  Eat: Chunk             |     2 |       ||     2
Armor: Skin              |    42 |     2 ||    44
Dodge: Dodged            |    80 |     5 ||    85
